 Dungeon Crawl Stone Soup version 0.16.1-25-gbcee3f8 (webtiles) character file.

51167 Miyamura the Nimble (level 14, -2/116 HPs)
             Began as a Merfolk Ice Elementalist on May 17, 2015.
             Was a High Priest of Ashenzari.
             Slain by a polar bear (22 damage)
             ... on level 8 of the Lair of Beasts on May 20, 2015.
             The game lasted 03:08:41 (33176 turns).

Miyamura the Nimble (Merfolk Ice Elementalist)     Turns: 33176, Time: 03:08:41

Health: -2/116     AC: 23    Str:  8    XL:     14   Next: 58%
Magic:  33/33      EV: 25    Int: 17    God:    Ashenzari [*****.]
Gold:   2195       SH:  0    Dex: 17    Spells: 7 memorised, 17 levels left

rFire  . . .     SeeInvis +     K - +2 spear (freeze) (curse)
rCold  . . .     Clarity  +     h - +2 robe {MR+} (curse)
rNeg   . . .     SustAb   .     (no shield)
rPois  +         Gourm    .     Q - +2 helmet (curse)
rElec  .         Spirit   .     g - +2 cloak (curse)
rCorr  +         Warding  .     v - +2 pair of gloves
rMut   .         Stasis   .     e - +2 pair of boots (curse)
MR     ++...                    J - amulet of resist corrosion
Stlth  ++++......               o - +2 ring of slaying
                                O - ring of poison resistance (curse)

@: icy armour (expiring), very resistant to hostile enchantments, stealthy
A: change form in water, swift swim
a: Scrying, Transfer Knowledge, Renounce Religion


You were on level 8 of the Lair of Beasts.
You worshipped Ashenzari.
Ashenzari was extremely pleased with you.
You were hungry.

You visited 4 branches of the dungeon, and saw 24 of its levels.

You collected 2398 gold pieces.
You spent 203 gold pieces at shops.

Inventory:

Hand weapons
 K - a cursed +2 spear of freezing (weapon)
Armour
 e - a cursed +2 pair of boots (worn)
 f - a +0 buckler
 g - a cursed +2 cloak (worn)
 h - a cursed +2 robe of magic resistance (worn)
 v - a +2 pair of gloves (worn)
 Q - a cursed +2 helmet (worn)
Jewellery
 k - a cursed ring of teleportation
 o - a +2 ring of slaying (right hand)
 x - an uncursed amulet of resist mutation
 B - an uncursed amulet of warding
 J - an amulet of resist corrosion (around neck)
 O - a cursed ring of poison resistance (left hand)
 X - the ring "Duju" {Fire Str+4}
   (You found it on level 4 of the Lair of Beasts)

   [ring of fire]

   It enhances your fire magic, and weakens your ice magic.
   It affects your strength (+4).
   It protects you from fire.
   It makes you vulnerable to cold.
Magical devices
 p - a wand of invisibility (6)
 P - a wand of invisibility (2)
 S - a wand of disintegration (10)
 Y - a wand of lightning (4)
Scrolls
 d - 3 scrolls of curse armour
 q - 5 scrolls of magic mapping
 s - 3 scrolls of recharging
 u - 3 scrolls of fog
 y - 2 scrolls of curse jewellery
 z - 5 scrolls of curse weapon
 A - 4 scrolls of remove curse
 C - 3 scrolls of fear
 G - 4 scrolls of teleportation
 N - 2 scrolls of amnesia
 T - 3 scrolls of enchant armour
 U - 2 scrolls of blinking
Potions
 a - 3 potions of brilliance
 j - a potion of decay {unknown}
 l - a potion of agility
 r - 2 potions of flight
 t - a potion of magic {unknown}
 w - 3 potions of curing
 D - 2 potions of mutation
 E - 4 potions of restore abilities
 L - a potion of berserk rage {unknown}
 R - 2 potions of might
 V - a potion of invisibility {unknown}
Books
 b - a book of Frost

   Spells                             Type                      Level
   a - Freeze                         Ice                          1
   b - Throw Frost                    Conjuration/Ice              2
   c - Ozocubu's Armour               Charms/Ice                   3
   d - Throw Icicle                   Conjuration/Ice              4
   e - Summon Ice Beast               Ice/Summoning                4
   f - Condensation Shield            Ice                          4
 I - a book of Spatial Translocations

   Spells                             Type                      Level
   a - Apportation                    Translocation                1
   b - Blink                          Translocation                2
   c - Shroud of Golubria             Charms/Translocation         2
   d - Portal Projectile              Translocation                3
   e - Teleport Other                 Translocation                3
   f - Passage of Golubria            Translocation                4
 M - a book of Cantrips

   Spells                             Type                      Level
   a - Corona                         Hexes                        1
   b - Animate Skeleton               Necromancy                   1
   c - Summon Small Mammal            Summoning                    1
   d - Apportation                    Translocation                1
 W - the Volume of Feathery Creation
   (You found it on level 2 of the Lair of Beasts)

   Spells                             Type                      Level
   a - Swiftness                      Charms/Air                   2
   b - Call Imp                       Summoning                    2
   c - Summon Ice Beast               Ice/Summoning                4
   d - Conjure Ball Lightning         Conjuration/Air              6
   e - Monstrous Menagerie            Summoning                    6
 Z - a book of Callings

   Spells                             Type                      Level
   a - Summon Small Mammal            Summoning                    1
   b - Call Imp                       Summoning                    2
   c - Call Canine Familiar           Summoning                    3
   d - Summon Guardian Golem          Hexes/Summoning              4
   e - Summon Lightning Spire         Summoning/Air                4
   f - Summon Ice Beast               Ice/Summoning                4
Miscellaneous
 n - a phial of floods
Comestibles
 c - 17 bread rations
 i - 7 chunks of flesh
 m - 16 fruits
 F - 5 royal jellies
 H - 8 meat rations


   Skills:
 + Level 12.4 Fighting
 + Level 13.2(16.8) Polearms
 + Level 14.6(16.8) Dodging
 - Level 4.0(6.5) Stealth
 + Level 11.1 Spellcasting
 - Level 0.7 Conjurations
 + Level 7.2 Summonings
 - Level 10.4 Ice Magic


You had 17 spell levels left.
You knew the following spells:

 Your Spells              Type           Power        Failure   Level  Hunger
a - Ozocubu's Armour      Chrm/Ice       ####....     2%          3    None
b - Blink                 Tloc           N/A          14%         2    None
f - Freeze                Ice            ####         1%          1    None
g - Shroud of Golubria    Chrm/Tloc      #.........   14%         2    None
s - Summon Ice Beast      Ice/Summ       #####...     1%          4    ###....
t - Throw Icicle          Conj/Ice       ####....     10%         4    ###....
S - Swiftness             Chrm/Air       #.......     14%         2    None


Dungeon Overview and Level Annotations

Branches:
Dungeon (11/15)            Temple (1/1) D:6            Lair (8/8) D:8
  Swamp (0/5) Lair:4       Spider (0/5) Lair:5        Slime (0/6) Lair:8
    Orc (4/4) D:9             Elf (0/3) Orc:3

Altars:
Ashenzari
Cheibriados
Dithmenos
Elyvilon
Fedhas
Gozag
Kikubaaqudgha
Makhleb
Nemelex Xobeh
Okawaru
Qazlal
Ru
Sif Muna
Trog
Vehumet
Xom
Yredelemnul
Zin
The Shining One

Shops:
D:4 [   D:8 }(*[

Annotations:
D:9 emiel's ghost, experienced TrMo
D:11 heinrich's ghost, powerful OpWr
Lair:5 Fannar


Message History

The polar bear is almost dead.
The polar bear bites you!
* * * LOW HITPOINT WARNING * * *
The polar bear claws you but does no damage.
The polar bear closely misses you.
You hit the polar bear but do no damage.
The polar bear is almost dead.
The polar bear bites you but does no damage.
The polar bear claws you but does no damage.
The polar bear completely misses you.
You hit the polar bear but do no damage.
The polar bear is almost dead.
The polar bear closely misses you. The polar bear misses you.
The polar bear completely misses you.
You hit the polar bear.
The polar bear is almost dead.
You hit the polar bear.
The polar bear is almost dead.
The polar bear bites you!!
You die...

....# ##### †.P## .P## *
†## ### * *** P####
#.#### {, *
#...############.†#.#{{
.....#.#.#.##P#...%# ,
.....÷..†..#.#P†..###.).#
#...#...†.†(.#††@.....# *
####.#...#..†.#.h..##..#
* #######÷.##.#%.## *# *
,*#..#####... * , *....#
*.....*,* , , .....## *
#... * ,.h....## .... *
,,.#.##* * ,... *, * * ,
## , *


You could see a polar bear (berserk).

Vanquished Creatures
  Maud (Lair:7)
  Erica (Orc:3)
  Urug (Orc:1)
  Pikel (D:3)
  2 hornets (Lair:8)
  2 griffons
  5 elephants
  Joseph (Orc:3)
  19 spiny frogs
  5 black mambas (Lair:8)
  A fire drake (Lair:3)
  6 komodo dragons
  9 blink frogs
  5 polar bears (Lair:8)
  A raiju (Lair:8)
  2 boulder beetles
  5 basilisks
  A spriggan (D:7)
  A redback (Lair:8)
  8 hippogriffs
  25 yaks
  A hungry ghost (D:10)
  A wyvern (D:8)
  11 wolves
  A deep elf fighter (D:8)
  3 wargs
  20 swamp worms (Lair:4)
  8 porcupines
  A hell hound (Lair:8)
  25 water moccasins
  8 black bears
  8 orc warriors
  A sky beast (D:8)
  12 ogres
  2 spiders (Lair:8)
  2 phantoms (D:8)
  A boggart (D:10)
  A slave (D:4)
  3 wasps
  4 centaurs
  13 giant frogs
  Sigmund (D:2)
  9 crocodiles
  A wyvern zombie (D:8)
  A water moccasin skeleton (D:7)
  2 wights
  5 scorpions
  10 killer bees
  A goliath beetle (D:10)
  2 crimson imps
  15 hounds
  2 giant frog zombies
  4 jellies
  8 iguanas
  19 orc priests
  23 orc wizards
  A quasit (D:6)
  Natasha (D:4)
  3 hell rats (Lair:1)
  8 worker ants
  14 sheep
  A hound zombie (D:7)
  A worker ant zombie (D:8)
  92 river rats
  30 adders
  3 giant mites
  9 worms
  7 giant geckos
  2 oozes
  115 orcs
  23 bats
  A bat skeleton (D:5)
  10 hobgoblins
  15 jackals
  10 kobolds
  13 quokkas
  A ball python (D:2)
  7 giant cockroaches
  5 giant newts
  A giant spore (D:7)
  23 goblins
  A goblin skeleton (D:6)
  2 goblin zombies (D:6)
  2 hobgoblin zombies (D:6)
  2 kobold skeletons (D:6)
  A kobold zombie (D:6)
  43 rats
  A ballistomycete (D:7)
  4 plants
783 creatures vanquished.

Vanquished Creatures (collateral kills)
  Snorg (Lair:5)
  2 hydras
  A wolf spider (Lair:8)
  A hornet (Lair:8)
  4 black mambas
  An elephant (Lair:6)
  A guardian serpent (Lair:8)
  7 spiny frogs
  3 komodo dragons
  A fire drake (Lair:8)
  2 trolls (D:10)
  9 blink frogs
  A hippogriff (D:10)
  17 yaks
  4 wolves
  A warg (Orc:1)
  2 water moccasins
  3 black bears (Lair:8)
  A spider (Lair:8)
  A wasp (Lair:8)
  3 ogres
  5 orc warriors
  A crocodile (Lair:3)
  A centaur (D:10)
  4 killer bees
  6 wights
  A giant frog skeleton (D:10)
  A jelly (Lair:8)
  5 orc priests
  4 worker ants
  5 orc wizards
  4 hell rats (Lair:1)
  4 sheep (Lair:7)
  A hound skeleton (D:10)
  An adder (Lair:6)
  16 river rats
  3 oozes (Lair:8)
  22 orcs
  A goblin (Orc:3)
  2 hobgoblins
  A giant gecko (D:10)
  2 rats
  A fungus (Lair:8)
  2 plants
159 creatures vanquished.

Vanquished Creatures (others)
  A griffon (Lair:8)
  A wolf (Lair:8)
  69 ice beasts
  An orc wizard (D:10)
  A worker ant (Lair:8)
  An adder (Lair:8)
  A bat (D:4)
  A quokka (D:4)
  11 fungi
  10 plants
97 creatures vanquished.

Grand Total: 1039 creatures vanquished

Notes
Turn   | Place    | Note
--------------------------------------------------------------
     0 | D:1      | Miyamura, the Merfolk Ice Elementalist, began the quest for the Orb.
     0 | D:1      | Reached XP level 1. HP: 13/13 MP: 3/3
   330 | D:1      | Reached XP level 2. HP: 17/20 MP: 4/4
   519 | D:1      | Learned a level 2 spell: Throw Frost
   560 | D:1      | Reached skill level 1 in Fighting
   953 | D:1      | Reached XP level 3. HP: 24/26 MP: 1/6
  1293 | D:2      | Found a shattered altar of Ashenzari.
  1301 | D:2      | Became a worshipper of Ashenzari the Shackled
  1405 | D:2      | Found a shadowy altar of Dithmenos.
  1706 | D:2      | Reached XP level 4. HP: 32/32 MP: 4/8
  1839 | D:2      | Reached skill level 4 in Ice Magic
  1904 | D:2      | Found a blossoming altar of Fedhas.
  1967 | D:2      | Noticed Sigmund
  2702 | D:3      | Reached XP level 5. HP: 38/38 MP: 0/9
  3319 | D:2      | Reached XP level 6. HP: 27/46 MP: 1/13
  3715 | D:2      | Killed Sigmund
  4196 | D:4      | Learned a level 3 spell: Ozocubu's Armour
  4260 | D:4      | Reached skill level 5 in Dodging
  4260 | D:4      | Reached skill level 5 in Ice Magic
  4260 | D:4      | Reached XP level 7. HP: 40/52 MP: 3/15
  4536 | D:4      | Noticed Pikel
  4563 | D:3      | Killed Pikel
  4563 | D:3      | Reached skill level 6 in Dodging
  4563 | D:3      | Reached XP level 8. HP: 47/61 MP: 2/18
  4779 | D:4      | Found Boinlilo's Armour Boutique.
  4785 | D:4      | Bought a +0 pair of gloves for 58 gold pieces
  4813 | D:4      | Noticed Natasha
  5170 | D:4      | Killed Natasha
  5235 | D:5      | Entered Level 5 of the Dungeon
  5302 | D:5      | Reached skill level 5 in Spellcasting
  5376 | D:5      | Reached skill level 5 in Fighting
  5376 | D:5      | Reached skill level 7 in Dodging
  5675 | D:5      | Found an iron altar of Okawaru.
  6026 | D:6      | Found a staircase to the Ecumenical Temple.
  6070 | D:6      | Reached XP level 9. HP: 68/68 MP: 12/21
  6455 | D:6      | Learned a level 4 spell: Throw Icicle
  6460 | D:6      | Learned a level 4 spell: Summon Ice Beast
  6611 | Temple   | Entered the Ecumenical Temple
  6766 | D:6      | Found a glowing golden altar of the Shining One.
  7216 | D:6      | Reached skill level 8 in Dodging
  7317 | D:7      | Found a glowing silver altar of Zin.
  7351 | D:7      | Found a bloodstained altar of Trog.
  7362 | D:7      | Found a staircase to the Ecumenical Temple.
  7611 | D:7      | Found a white marble altar of Elyvilon.
  7622 | D:7      | Found a radiant altar of Vehumet.
  7622 | D:7      | Found a stormy altar of Qazlal.
  8034 | D:8      | Acquired Ashenzari's first power
  8269 | D:8      | Reached skill level 9 in Dodging
  8309 | D:8      | Found Plibaenk's Armour Shoppe.
  8357 | D:8      | Found a staircase to the Lair.
  8627 | D:8      | Reached XP level 10. HP: 73/77 MP: 24/24
  8762 | D:8      | Found Xuduad's Assorted Antiques.
  8782 | D:8      | Found Ocoggumy's Antique Weapon Shoppe.
  8787 | D:8      | Found Zora's Gadget Shop.
  8848 | D:8      | Bought a scroll labeled HIEGRU SEOGH for 29 gold pieces
  8848 | D:8      | Bought a scroll of identify for 58 gold pieces
  8848 | D:8      | Bought a scroll of identify for 58 gold pieces
  9480 | D:9      | Noticed emiel's ghost (experienced TrMo)
  9744 | D:8      | Reached skill level 1 in Polearms
 10103 | D:9      | Learned a level 2 spell: Blink
 10317 | D:9      | Found a staircase to the Orcish Mines.
 10545 | D:10     | Entered Level 10 of the Dungeon
 10826 | D:10     | Reached skill level 10 in Dodging
 11250 | D:11     | Noticed heinrich's ghost (powerful OpWr)
 12033 | D:10     | Identified a +8 rod of ignition (10/10) (You took it off a centaur on level 10 of the Dungeon)
 12583 | D:9      | Reached XP level 11. HP: 75/86 MP: 23/27
 12787 | Orc:1    | Entered Level 1 of the Orcish Mines
 13060 | Orc:1    | Reached skill level 5 in Polearms
 13490 | Orc:2    | Noticed Urug
 13766 | Orc:1    | Killed Urug
 14068 | Orc:3    | Noticed Joseph
 14106 | Orc:3    | Killed Joseph
 14106 | Orc:3    | Reached skill level 11 in Dodging
 14616 | Orc:3    | Found a staircase to the Elven Halls.
 14956 | Orc:4    | Entered Level 4 of the Orcish Mines
 14956 | Orc:4    | Noticed an orc knight
 14977 | Orc:2    | Noticed Erica
 16325 | Orc:3    | Killed Erica
 16624 | Orc:1    | Acquired Ashenzari's second power
 17144 | Orc:4    | Reached skill level 10 in Ice Magic
 17921 | Lair:1   | Entered Level 1 of the Lair of Beasts
 18411 | Lair:1   | Found an ancient bone altar of Kikubaaqudgha.
 19797 | Lair:2   | Reached skill level 1 in Summonings
 19811 | Lair:2   | Reached XP level 12. HP: 96/96 MP: 29/29
 19858 | Lair:2   | Noticed a five-headed hydra
 19882 | Lair:2   | Killed a five-headed hydra
 20062 | Lair:2   | Identified the Volume of Feathery Creation
 20220 | Lair:2   | Reached skill level 12 in Dodging
 20464 | Lair:2   | Acquired Ashenzari's third power
 20594 | Lair:3   | Identified the +9 falchion "Kheol" {freeze, Dex+2}
 21692 | Lair:4   | Reached skill level 10 in Fighting
 22183 | Lair:4   | Found a staircase to the Swamp.
 24209 | Lair:4   | Reached skill level 10 in Polearms
 24318 | Lair:4   | Identified the ring "Duju" {Fire Str+4}
 24446 | Lair:5   | Found a hole to the Spider Nest.
 24449 | Lair:5   | Acquired Ashenzari's fourth power
 24795 | Lair:5   | Noticed Snorg
 24806 | Lair:5   | Killed Snorg
 24806 | Lair:5   | Reached XP level 13. HP: 101/104 MP: 15/30
 24821 | Lair:5   | Reached skill level 13 in Dodging
 24868 | Lair:5   | Noticed Fannar
 25577 | Lair:4   | Reached skill level 5 in Summonings
 26291 | Lair:6   | Reached skill level 10 in Spellcasting
 26298 | Lair:6   | Learned a level 2 spell: Shroud of Golubria
 26301 | Lair:6   | Learned a level 2 spell: Swiftness
 27912 | Lair:7   | Noticed Maud
 27943 | Lair:7   | Killed Maud
 29264 | Lair:7   | Reached skill level 14 in Dodging
 29264 | Lair:7   | Reached XP level 14. HP: 114/114 MP: 20/32
 29626 | Lair:8   | Entered Level 8 of the Lair of Beasts
 30908 | Lair:8   | Found a staircase to the Slime Pits.
 33176 | Lair:8   | Slain by a polar bear

Action                   |  1- 3 |  4- 6 |  7- 9 | 10-12 | 13-15 || total
-------------------------+-------+-------+-------+-------+-------++-------
Melee: Dagger            |    54 |    26 |   115 |       |       ||   195
       Unarmed           |     1 |       |       |       |       ||     1
       Short sword       |     3 |    21 |   213 |   103 |       ||   340
       Spear             |       |       |       |  1803 |  1618 ||  3421
 Cast: Freeze            |    43 |    95 |   135 |    38 |       ||   311
       Throw Frost       |       |     6 |    10 |       |       ||    16
       Ozocubu's Armour  |       |     1 |    29 |    85 |    68 ||   183
       Throw Icicle      |       |       |     1 |    16 |       ||    17
       Summon Ice Beast  |       |       |       |   148 |    72 ||   220
       Blink             |       |       |       |     1 |     3 ||     4
       Shroud of Golubri |       |       |       |       |     3 ||     3
Evoke: Wand              |       |       |       |       |     1 ||     1
  Use: Scroll            |       |     8 |     5 |    18 |     9 ||    40
       Potion            |       |       |       |     6 |     2 ||     8
 Stab: Sleeping          |     4 |     5 |    13 |    18 |    13 ||    53
       Distracted        |       |     1 |       |     9 |     8 ||    18
       Invisible         |       |       |       |       |     5 ||     5
       Fleeing           |       |       |       |       |     2 ||     2
  Eat: Chunk             |     3 |     9 |    12 |    63 |    25 ||   112
       Meat ration       |       |       |     1 |     1 |     1 ||     3
       Fruit             |       |       |       |     2 |       ||     2
       Beef jerky        |       |       |       |     1 |     1 ||     2
       Bread ration      |       |       |       |     1 |       ||     1
       Pizza             |       |       |       |       |     1 ||     1
